 Dungeon Crawl Stone Soup version bcrawl-1.20.1 (webtiles) character file.

Game seed: 9742964810926727724

4867 MisterOstroum the Transmogrifier (level 10, -3/100 HPs)
             Began as a Centaur Transmuter on Jan 25, 2020.
             Was a Follower of Sif Muna.
             Slain by a wolf spider simulacrum (4 damage)
             ... on level 8 of the Dungeon.
             The game lasted 00:28:06 (12014 turns).

MisterOstroum the Transmogrifier (CeTm)            Turns: 12014, Time: 00:28:07

Health: -3/100     AC:  7    Str: 13    XL:     10   Next: 26%
Magic:  6/12       EV: 13    Int: 17    God:    Sif Muna [*.....]
Gold:   238        SH:  0    Dex: 10    Spells: 3/12 levels left

rFire    x . .     SeeInvis .     - Unarmed
rCold    + + +     Gourm    .   (shield currently unavailable)
rNeg     . . .     Faith    .   (armour currently unavailable)
rPois    +         Spirit   .   (helmet currently unavailable)
rElec    .         Reflect  .   (cloak currently unavailable)
rCorr    .         Harm     .   (gloves currently unavailable)
MR       ++...                  (no barding)
Stlth    +.........             c - amulet of the acrobat
HPRegen  0.26/turn              q - +2 ring of evasion
MPRegen  0.13/turn              f - +2 ring of intelligence

@: lethally poisoned (-3 -> -4), ice-form, very slightly contaminated, lightly
drained
A: large
a: End Transformation, Divine Energy, Renounce Religion


You were on level 8 of the Dungeon.
You worshipped Sif Muna.
Sif Muna was aware of your devotion.
You were not hungry.
You were a creature of crystalline ice.
You visited 2 branches of the dungeon, and saw 9 of its levels.

You collected 421 gold pieces.
You spent 183 gold pieces at shops.

Inventory:

Hand Weapons
 b - a +0 shortbow (melded)
 H - a +0 hunting sling
Missiles
 h - 872 sling bullets
 j - 976 stones (quivered)
 K - 667 arrows
Armour
 n - a +2 cloak (melded)
 y - a +1 hat (melded)
 D - a +1 robe (melded)
 J - a +0 large shield
 L - a +2 pair of gloves (melded)
Jewellery
 c - an amulet of the acrobat (around neck)
 f - a +2 ring of intelligence (right front paw)
 q - a +2 ring of evasion (left front paw)
 r - an uncursed ring of insulation
 I - an uncursed ring of stealth
Wands
 u - a wand of flame (10)
 v - a wand of polymorph (10)
 M - a wand of disintegration (20)
Scrolls
 a - a scroll of magic mapping {@r5 !r}
 k - 2 scrolls of teleportation
 m - 4 scrolls of amnesia
 p - 2 scrolls of remove curse
 E - a scroll of immolation {unknown}
 F - a scroll of enchant weapon {unknown}
 G - 3 scrolls of identify {@r1}
Potions
 d - a potion of lignification {@q6}
 i - 6 potions of curing {@q1 !q}
 l - a potion of haste {@q4 !q}
 o - a potion of brilliance
 s - a potion of invisibility
 w - a potion of magic
 x - a potion of agility {@q5 !q}
 z - a potion of mutation
 A - a potion of might {@q3 !q}
Comestibles
 e - 27 rations {!d}
 B - 8 chunks of flesh


   Skills:
 + Level 6.3(6.2) Fighting
 + Level 3.5(3.4) Dodging
 + Level 6.6(6.5) Unarmed Combat
 - Level 1.5(1.4) Spellcasting
 * Level 8.4(8.2) Transmutations
 * Level 5.4(5.3) Ice Magic
 + Level 3.7(3.6) Evocations


You had 3 spell levels left.
You knew the following spells:

 Your Spells              Type           Power        Failure   Level  Hunger
b - Sticks to Snakes      Tmut           ####....     1%          2    ###....
c - Spider Form           Tmut/Pois      ###          11%         3    ####...
A - Ice Form              Ice/Tmut       ###.....     12%         4    #####..

Your spell library contained the following spells:

 Spells                   Type           Power        Failure   Level  Hunger
 Beastly Appendage        Tmut           ####..       1%          1    ##.....
 Magic Dart               Conj           #...         21%         1    ##.....
 Shock                    Conj/Air       #....        21%         1    ##.....
 Searing Ray              Conj           #.......     30%         2    ###....
 Swiftness                Chrm/Air       #.......     30%         2    ###....
 Iskenderun's Mystic Bla  Conj           #.......     52%         3    ####...
 Static Discharge         Air            #.......     52%         3    ####...
 Blade Hands              Tmut           ####......   19%         5    ######.
 Irradiate                Conj/Tmut      ###.......   71%         5    ######.
 Airstrike                Air            #.........   90%         4    #####..
 Fulminant Prism          Conj/Hex       #.........   90%         4    #####..
 Lightning Bolt           Conj/Air       #.........   99%         5    ######.


Dungeon Overview and Level Annotations

Branches:
Dungeon (8/12)             Temple (1/1) D:6            Lair (0/6) D:8
    Orc: D:8-11

Altars:
Ashenzari
Cheibriados
Dithmenos
Elyvilon
Fedhas
Gozag
Hepliaklqana
Kikubaaqudgha
Lugonu
Makhleb
Nemelex Xobeh
Okawaru
Qazlal
Ru
Sif Muna
Trog
Uskayaw
Vehumet
Wu Jian
Xom
Yredelemnul
Zin
The Shining One

Shops:
D:4 *   D:6 *

Annotations:
D:7 1 runed door


Innate Abilities, Weirdness & Mutations

((You have hooves in place of feet.))
((Armour fits poorly on your strangely shaped body.))
((You cover ground very quickly.))
((You have extremely tough skin. (AC +3)))


Message History

You hit the wolf spider simulacrum.
The wolf spider simulacrum is lightly damaged.
You feel sick.
An orc wizard comes into view. It is wielding a +0 dagger.
The wolf spider simulacrum hits you! The wolf spider simulacrum freezes you.
You resist.
The wolf spider simulacrum barely misses you.
The orc wizard shouts!
You hit the wolf spider simulacrum.
The wolf spider simulacrum is lightly damaged.
The wolf spider simulacrum hits you but does no damage.
The wolf spider simulacrum closely misses you.
The orc warrior hits you from afar with a +0 glaive!
You punch the wolf spider simulacrum!
The wolf spider simulacrum is moderately damaged.
The wolf spider simulacrum hits you. The wolf spider simulacrum freezes you.
You resist. The wolf spider simulacrum bites you.
The wolf spider simulacrum freezes you. You resist.
You feel sick.
The orc wizard gestures wildly while chanting.
The orc wizard seems to speed up.
The wolf spider simulacrum hits you! The wolf spider simulacrum freezes you.
You resist. The wolf spider simulacrum misses you.
The orc warrior completely misses you.
There is an escape hatch in the ceiling here.
The orc warrior completely misses you.
The wolf spider simulacrum barely misses you.
The wolf spider simulacrum closely misses you.
You feel sick.
You see here a trident.
The orc wizard closely misses you. The orc wizard misses you.
The orc warrior closely misses you.
You closely miss the orc wizard.
You feel sick. The orc wizard barely misses you.
You punch the orc wizard! You freeze the orc wizard.
The orc wizard is severely wounded.
The orc wizard hits you but does no damage.
The orc warrior hits you from afar with a +0 glaive.
* * * LOW HITPOINT WARNING * * *
The wolf spider simulacrum completely misses you.
The wolf spider simulacrum misses you. The orc wizard closely misses you.
The wolf spider simulacrum barely misses you.
The wolf spider simulacrum completely misses you.
You hit the wolf spider simulacrum.
The wolf spider simulacrum is moderately damaged.
The orc wizard hits you but does no damage.
The wolf spider simulacrum hits you.
* * * LOW HITPOINT WARNING * * *
The wolf spider simulacrum freezes you. You resist.
* * * LOW HITPOINT WARNING * * *
The wolf spider simulacrum bites you!
* * * LOW HITPOINT WARNING * * *
The wolf spider simulacrum freezes you. You resist.
* * * LOW HITPOINT WARNING * * *
The orc warrior closely misses you.
You completely miss the orc wizard.
The orc wizard is severely wounded.
The orc wizard hits you but does no damage.
The wolf spider simulacrum hits you but does no damage.
The wolf spider simulacrum bites you.
* * * LOW HITPOINT WARNING * * *
The wolf spider simulacrum freezes you. You resist.
* * * LOW HITPOINT WARNING * * *
The orc wizard closely misses you.
You punch the orc wizard! You freeze the orc wizard.
You kill the orc wizard!
Sif Muna accepts your kill.
You feel sick. The orc warrior barely misses you.
The wolf spider simulacrum hits you but does no damage.
The wolf spider simulacrum closely misses you.
Really quaff
t - a potion of heal wounds {@q2 !q}?
You feel much better. The wolf spider simulacrum hits you!
* * * LOW HITPOINT WARNING * * *
The wolf spider simulacrum freezes you. You resist.
* * * LOW HITPOINT WARNING * * *
The wolf spider simulacrum bites you.
* * * LOW HITPOINT WARNING * * *
The wolf spider simulacrum freezes you. You resist.
* * * LOW HITPOINT WARNING * * *
An orc wizard comes into view. It is wielding a +0 dagger.
The orc warrior closely misses you.
Okay, then.
Really read
g - a scroll of fear {!r}?
As you read the scroll of fear {!r}, it crumbles to dust.
You assume a fearsome visage.
The orc warrior looks frightened!
The orc wizard looks frightened!
The orc wizard shouts!
The wolf spider simulacrum is unaffected.
The wolf spider simulacrum closely misses you.
The wolf spider simulacrum barely misses you.
The orc wizard casts a spell.
The orc wizard blinks!
The wolf spider simulacrum hits you but does no damage.
The wolf spider simulacrum misses you.
You punch the wolf spider simulacrum!
The wolf spider simulacrum is almost destroyed.
The wolf spider simulacrum hits you.
* * * LOW HITPOINT WARNING * * *
The wolf spider simulacrum freezes you. You resist.
You die...

....#.#.#......## .
.............#.#######..
'####.#.#....#...§.[....
...))...............>#.#
..####.#.....#..<.......
.....#.........#o#.#.#.#
###..#.........#)#.# # #
#.##.#÷.#.#.####)#.#
...#.#........ #Y# #
#.##.#........ #.Z.#
#.#..........# #####
.....#####.#.# ....## .#
# ....# . ..### . ..#
....


You could see an orc warrior (fleeing) and a wolf spider simulacrum.

Vanquished Creatures
  Pikel (D:7)
  3 yaks
  2 hogs (D:7)
  A human (D:7)
  A hungry ghost (D:7)
  Edmund (D:5)
  2 crocodiles (D:8)
  An orc warrior (D:8)
  2 ice beasts
  A slave (D:7)
  A necrophage (D:6)
  3 ogres
  2 centaurs
  2 bullfrogs
  2 big kobolds (D:8)
  2 scorpions
  5 killer bees (D:7)
  14 wights
  2 howler monkeys
  An electric eel (D:6)
  3 crimson imps
  A centaur zombie (D:8)
  A wyvern simulacrum (D:8)
  A quasit (D:7)
  3 orc priests
  A hound (D:7)
  An iguana (D:6)
  2 bullfrog skeletons
  4 orc wizards
  8 worker ants
  A killer bee zombie (D:4)
  A worker ant zombie (D:7)
  10 adders
  4 gnolls (D:6)
  3 white imps (D:8)
  2 worker ant simulacra (D:8)
  2 oozes
  An adder zombie (D:8)
  2 adder skeletons
  4 worms
  A dart slug (D:3)
  6 leopard geckos
  40 orcs
  8 giant cockroaches
  A goblin (D:1)
  5 hobgoblins
  6 jackals
  19 kobolds
  9 quokkas
  3 ball pythons
  8 bats
  2 frilled lizards (D:1)
  A quokka zombie (D:6)
  7 rats
220 creatures vanquished.

Vanquished Creatures (collateral kills)
  An orc wizard (D:3)
1 creature vanquished.

Grand Total: 221 creatures vanquished

Notes
Turn   | Place    | Note
-------+----------+-------------------------------------------
     0 | D:1      | MisterOstroum the Centaur Transmuter began the quest for
                  | the Orb.
     0 | D:1      | Reached XP level 1. HP: 16/16 MP: 3/3
    16 | D:1      | Reached XP level 2. HP: 15/23 MP: 4/4
    18 | D:1      | Reached skill level 2 in Transmutations
   140 | D:1      | Learned a level 2 spell: Sticks to Snakes
   606 | D:1      | Reached XP level 3. HP: 26/29 MP: 5/5
  1483 | D:2      | Reached XP level 4. HP: 36/36 MP: 4/6
  1855 | D:3      | Reached skill level 3 in Transmutations
  2064 | D:3      | Reached XP level 5. HP: 32/42 MP: 4/7
  2217 | D:3      | Learned a level 3 spell: Spider Form
  2494 | D:3      | Found a sparkling altar of Nemelex Xobeh.
  2626 | D:3      | Noticed an ogre
  2638 | D:3      | Killed an ogre
  2638 | D:3      | Reached skill level 4 in Transmutations
  2643 | D:3      | Reached XP level 6. HP: 50/51 MP: 5/8
  3518 | D:4      | Found Viediu's Assorted Antiques.
  3526 | D:4      | Bought a grey potion for 19 gold pieces
  3526 | D:4      | Bought a murky white potion for 19 gold pieces
  3526 | D:4      | Bought a scroll labeled VAFIOR FIBI for 22 gold pieces
  3526 | D:4      | Bought a scroll labeled ANAUDI MAKHU for 22 gold pieces
  3526 | D:4      | Bought a scroll labeled ANAUDI MAKHU for 22 gold pieces
  3526 | D:4      | Bought a glowing golden potion for 19 gold pieces
  3526 | D:4      | Bought a scroll labeled GAOFEHE MUCLU for 22 gold pieces
  3822 | D:4      | Reached XP level 7. HP: 58/58 MP: 5/9
  3997 | D:4      | Reached skill level 5 in Transmutations
  4727 | D:5      | Entered Level 5 of the Dungeon
  4793 | D:5      | Reached skill level 5 in Unarmed Combat
  5064 | D:5      | Noticed Edmund
  5086 | D:5      | Killed Edmund
  5451 | D:5      | Reached skill level 6 in Transmutations
  5801 | D:5      | Learned a level 4 spell: Ice Form
  5882 | D:6      | Found a glowing golden altar of the Shining One.
  5928 | D:6      | Found an iron altar of Okawaru.
  6181 | D:6      | Reached XP level 8. HP: 58/67 MP: 10/10
  6257 | D:6      | Reached skill level 1 in Ice Magic
  6372 | D:6      | Reached skill level 1 in Evocations
  7041 | D:6      | Reached skill level 5 in Fighting
  7230 | D:6      | Found a staircase to the Ecumenical Temple.
  7237 | Temple   | Entered the Ecumenical Temple
  7439 | Temple   | Became a worshipper of Sif Muna the Loreminder
  7644 | D:6      | Found Awnet's General Store.
  7652 | D:6      | Bought a scroll of magic mapping for 38 gold pieces
  8526 | D:7      | Reached skill level 7 in Transmutations
  8593 | D:7      | Found a runed door.
  8626 | D:7      | Found a runed door.
  8637 | D:7      | Reached * piety under Sif Muna
  8637 | D:7      | Reached XP level 9. HP: 45/74 MP: 7/11
  9710 | D:7      | Received a gift from Sif Muna
 10126 | D:7      | Noticed Pikel
 10145 | D:7      | Killed Pikel
 10184 | D:7      | Reached skill level 8 in Transmutations
 11257 | D:7      | Reached skill level 5 in Ice Magic
 11297 | D:7      | Reached XP level 10. HP: 59/83 MP: 12/12
 11739 | D:8      | Noticed an elephant
 11740 | D:8      | Found a staircase to the Lair.
 12010 | D:8      | HP: 4/100 [wolf spider simulacrum (2)]
 12014 | D:8      | HP: 1/100 [wolf spider simulacrum (2)]
 12014 | D:8      | Slain by a wolf spider simulacrum

Skill      XL: |  1  2  3  4  5  6  7  8  9 |
---------------+----------------------------+-----
Transmutations | 2 3 4 6 7 8 |  8.4
Fighting       | 2 3 4 5 6 |  6.3
Unarmed Combat | 4 5 6 |  6.6
Ice Magic      | 3 5 |  5.4
Evocations     | 2 3 |  3.7
Dodging        | 2 3 |  3.5
Spellcasting   | |  1.5

Action                   |  1- 3 |  4- 6 |  7- 9 | 10-12 || total
-------------------------+-------+-------+-------+-------++-------
Melee: Unarmed           |   138 |   156 |   453 |    69 ||   816
       Kick              |    17 |    25 |    24 |       ||    66
       Headbutt          |     2 |     4 |     7 |       ||    13
       Punch             |       |     2 |     3 |       ||     5
       Dagger            |       |       |     6 |       ||     6
 Fire: Shortbow          |       |       |   158 |    27 ||   185
       Longbow           |       |       |     4 |       ||     4
Throw: Stone             |       |    10 |    36 |       ||    46
 Cast: Beastly Appendage |     7 |    11 |     5 |       ||    23
       Sticks to Snakes  |     1 |     2 |       |       ||     3
       Spider Form       |       |     6 |    32 |       ||    38
       Ice Form          |       |       |       |     7 ||     7
 Abil: End Transformatio |       |       |     2 |       ||     2
Evoke: Wand              |       |       |     1 |       ||     1
  Use: Scroll            |       |     6 |    17 |     1 ||    24
       Potion            |       |       |       |     1 ||     1
 Stab: Distracted        |       |       |     1 |       ||     1
       Sleeping          |       |       |     1 |       ||     1
  Eat: Chunk             |     2 |     7 |    40 |       ||    49
Armor: Robe              |    38 |    26 |    53 |     1 ||   118
       Skin              |       |     2 |    10 |    14 ||    26
Dodge: Dodged            |    64 |    91 |   396 |    65 ||   616
